 Dungeon Crawl Stone Soup version 0.20.1-1-g8b1a95d (webtiles) character file.

4013 jmlagarto the Basher (level 10, -1/89 HPs)
             Began as a Minotaur Chaos Knight on Sept 11, 2017.
             Slain by a polar bear (10 damage)
             ... on level 8 of the Dungeon.
             The game lasted 00:11:49 (6521 turns).

jmlagarto the Basher (Minotaur Chaos Knight)        Turns: 6521, Time: 00:11:49

Health: -1/89      AC:  5    Str: 20      XL:     10   Next: 3%
Magic:  8/8        EV: 15    Int:  8 (9)  God:    Xom [......]
Gold:   293        SH:  0    Dex: 13      Spells: 9/9 levels left

rFire    . . .     SeeInvis .   g - +3 dire flail (crush)
rCold    + . .     Gourm    +   (shield currently unavailable)
rNeg     . . .     Faith    .   b - +2 leather armour
rPois    +         Spirit   .   (helmet restricted)
rElec    .         Reflect  .   (no cloak)
rCorr    .         Harm     .   (no gloves)
MR       .....                  (no boots)
Stlth    +++.......             h - amulet of the gourmand
Regen    0.3/turn               G - ring of poison resistance
MPRegen  0.2/turn               D - +3 ring of dexterity

@: berserk cooldown, slowed, very slow
A: retaliatory headbutt, horns 2, blurry vision 1, cold resistance 1,
deterioration 1, low mp 1, sense surroundings 1, poison resistance
a: Renounce Religion


You were on level 8 of the Dungeon.
You worshipped Xom.
You were a very special plaything of Xom.
You were not hungry.

You visited 1 branch of the dungeon, and saw 8 of its levels.

You collected 293 gold pieces.

Inventory:

Hand Weapons
 a - a +0 falchion of chaos
 g - a +3 dire flail of crushing (weapon)
Armour
 b - a +2 leather armour (worn)
Jewellery
 c - an uncursed ring of positive energy
 h - an amulet of the gourmand (around neck)
 p - an uncursed ring of positive energy
 t - an uncursed ring of stealth
 D - a +3 ring of dexterity (right hand)
 G - a ring of poison resistance (left hand)
 L - an uncursed ring of magical power {unknown}
 N - a cursed -6 ring of dexterity
Wands
 n - a wand of clouds (9/9)
 v - a wand of polymorph (6/24)
 E - a wand of acid (5/15)
 H - a wand of iceblast (8/15)
 O - a wand of random effects (29/48)
 P - a wand of digging (12/24)
Scrolls
 e - 2 scrolls of immolation
 f - 2 scrolls of enchant armour {unknown}
 j - a scroll of random uselessness {unknown}
 o - a scroll of blinking
 q - 6 scrolls of identify {unknown}
 r - 4 scrolls of remove curse
 s - 2 scrolls of amnesia {unknown}
 w - a scroll of teleportation
 x - 2 scrolls of magic mapping {unknown}
 y - a scroll of fear {unknown}
 C - a scroll of vulnerability {unknown}
 F - 2 scrolls of enchant weapon {unknown}
Potions
 k - a potion of might {unknown}
 l - 2 potions of haste
 m - 3 potions of mutation
 u - 3 potions of heal wounds {unknown}
 z - 2 potions of cancellation
 A - a potion of magic {unknown}
 I - a potion of brilliance
 Q - a potion of agility {unknown}
Books
 M - a book of Callings

   Spells                             Type                      Level
   a - Summon Small Mammal            Summoning                    1
   b - Call Imp                       Summoning                    2
   c - Call Canine Familiar           Summoning                    3
   d - Summon Guardian Golem          Hexes/Summoning              3
   e - Summon Lightning Spire         Summoning/Air                4
   f - Summon Ice Beast               Ice/Summoning                4
Comestibles
 d - a meat ration
 i - 15 fruits
 J - 2 bread rations


   Skills:
 + Level 8.3 Fighting
 - Level 7.7 Long Blades
 + Level 9.2 Maces & Flails
 + Level 5.2 Armour
 + Level 5.8 Dodging
 + Level 5.2 Stealth


You had 9 spell levels left.
You didn't know any spells.

Dungeon Overview and Level Annotations

Branches:
Dungeon (8/15)             Temple (0/1) D:5
   Lair: D:8-11

Altars:
Ashenzari
Elyvilon
Fedhas
Gozag
Hepliaklqana
Kikubaaqudgha
Okawaru
Qazlal
Uskayaw
Yredelemnul

Shops:
D:4 *   D:5 *   D:6 *(?:%


Innate Abilities, Weirdness & Mutations

You reflexively headbutt those who attack you in melee.
You have a pair of horns on your head.
Scrolls take you a little longer to read.
Your flesh is cold resistant. (rC+)
Your body sometimes deteriorates upon taking damage.
Your magical capacity is low. (-10% MP)
You passively map a small area around you.
Your system is resistant to poisons. (rPois)


Message History

You feel a strong urge to attack something.
You bump into the rock wall.
The polar bear bites you.
* * * LOW HITPOINT WARNING * * *
The polar bear claws you.
* * * LOW HITPOINT WARNING * * *
The polar bear claws you but does no damage.
You bump into the rock wall.
You feel your anger subside.
You are no longer berserk.
You are exhausted.
You feel yourself slow down. The polar bear bites you!
* * * LOW HITPOINT WARNING * * *
Your body deteriorates!
You feel dopey.
The polar bear claws you but does no damage.
The polar bear closely misses you.
You feel better. The polar bear closely misses you. x2
The polar bear claws you.
* * * LOW HITPOINT WARNING * * *
You barely miss the polar bear. The polar bear bites you!
You die...
Xom snickers!

#....)# #.#
###### #.....+,
, ...,, , * *
#.....# #..,,
,* *
#.....#########
####........ *
, #.####### * ,
#.# * , #h# * *
#@# ## ,*
##'#### #. .#
#.....# * #. ..
#.....# * #.
.##.....# ,#.
*..#.....#####
*,#.
#.#[....'.... *
#.
#.#.....####.
#[ #.#.....# #
#.


You could see a polar bear.

Vanquished Creatures
  Pikel (D:6)
  Grinder (D:4)
  A hippogriff (D:8)
  Eustachio (D:6)
  Menkaure (D:4)
  A steam dragon (D:8)
  Edmund (D:4)
  Duvessa (D:5)
  3 water moccasins
  An ice beast (D:8)
  2 orc warriors (D:6)
  3 sky beasts
  4 slaves (D:6)
  3 ogres
  A phantom (D:8)
  A bullfrog (D:6)
  Dowan (D:5)
  3 scorpions
  An electric eel (D:8)
  2 howler monkeys (D:8)
  4 crimson imps
  A bullfrog zombie (D:7)
  4 hounds
  2 jellies
  5 orc priests
  An orc wizard (D:6)
  2 centaur skeletons
  An iguana (D:6)
  4 worker ants
  A hound skeleton (D:5)
  8 adders
  An adder (shapeshifter) (D:5)
  A worker ant simulacrum (D:8)
  2 ufetubi (D:8)
  An adder skeleton (D:6)
  3 worms
  3 dart slugs (D:1)
  4 leopard geckos
  23 orcs
  20 bats
  4 giant cockroaches
  9 goblins
  4 hobgoblins
  9 jackals
  2 kobolds
  4 quokkas
  2 ball pythons
  6 frilled lizards
  3 quokka skeletons
  2 quokka zombies (D:5)
  4 rats
173 creatures vanquished.

Vanquished Creatures (others)
  A plant (D:6)
1 creature vanquished.

Grand Total: 174 creatures vanquished

Notes
Turn   | Place    | Note
-------+----------+-------------------------------------------
     0 | D:1      | jmlagarto the Minotaur Chaos Knight began the quest for the Orb.
     0 | D:1      | Reached XP level 1. HP: 19/19 MP: 0/0
    90 | D:1      | Reached XP level 2. HP: 26/27 MP: 1/1
   252 | D:1      | Reached XP level 3. HP: 33/33 MP: 2/2
   500 | D:2      | XOM: divination: detect creatures
   573 | D:2      | Found a blossoming altar of Fedhas.
   656 | D:2      | Reached skill level 5 in Long Blades
   694 | D:2      | XOM: cloud trail
   748 | D:2      | XOM: divination: detect items
   890 | D:3      | Reached XP level 4. HP: 40/40 MP: 3/3
  1252 | D:3      | XOM: divination: magic mapping
  1345 | D:3      | Found a hazy altar of Hepliaklqana.
  1573 | D:4      | XOM: cast spell 'Olgreb's Toxic Radiance'
  1576 | D:4      | Reached XP level 5. HP: 41/47 MP: 4/4
  1633 | D:4      | Found Gozag's Platinum Reserve.
  1690 | D:4      | Found a shattered altar of Ashenzari.
  2106 | D:4      | Noticed Grinder
  2113 | D:4      | Paralysed by something for 3 turns
  2115 | D:4      | Killed Grinder
  2115 | D:4      | Reached skill level 1 in Stealth
  2115 | D:4      | Reached XP level 6. HP: 46/53 MP: 5/5
  2195 | D:4      | XOM: scenery: 1 doors close
  2251 | D:4      | Reached skill level 5 in Fighting
  2251 | D:4      | Reached XP level 7. HP: 28/61 MP: 6/6
  2640 | D:4      | Noticed Menkaure
  2647 | D:4      | Killed Menkaure
  2742 | D:4      | Noticed Edmund
  2755 | D:4      | XOM: harmless Air miscast
  2758 | D:4      | Killed Edmund
  3054 | D:4      | Found an opulent altar of Gozag.
  3212 | D:4      | XOM: silly message
  3346 | D:5      | Entered Level 5 of the Dungeon
  3346 | D:5      | Found a white marble altar of Elyvilon.
  3485 | D:5      | Found a hide-covered altar of Uskayaw.
  3485 | D:5      | XOM: 1-stop teleportation journey
  3486 | D:5      | Noticed Duvessa
  3487 | D:5      | Noticed Dowan
  3494 | D:5      | Killed Duvessa
  3494 | D:5      | Reached skill level 1 in Maces & Flails
  3494 | D:5      | Reached XP level 8. HP: 52/70 MP: 7/7
  3501 | D:5      | Killed Dowan
  3683 | D:5      | Found a basalt altar of Yredelemnul.
  3686 | D:5      | Found an ancient bone altar of Kikubaaqudgha.
  4100 | D:5      | Found Oquclosm's General Store.
  4202 | D:5      | Reached skill level 2 in Maces & Flails
  4225 | D:5      | XOM: polymorph worker ant -> adder
  4277 | D:5      | Found a staircase to the Ecumenical Temple.
  4400 | D:5      | XOM: enchant monster (good)
  4403 | D:5      | Reached skill level 3 in Maces & Flails
  4403 | D:5      | Reached skill level 5 in Dodging
  4425 | D:5      | Found an iron altar of Okawaru.
  4528 | D:6      | Reached skill level 4 in Maces & Flails
  4545 | D:6      | Found Joiwn's Food Emporium.
  4562 | D:6      | Found a stormy altar of Qazlal.
  4765 | D:6      | Found Pochoos's Book Shop.
  4790 | D:6      | XOM: cleaving
  4793 | D:6      | Reached skill level 5 in Maces & Flails
  4991 | D:6      | Noticed Eustachio
  4998 | D:6      | Killed Eustachio
  4998 | D:6      | Reached XP level 9. HP: 74/79 MP: 8/8
  5001 | D:6      | Found Puru's Magic Scroll Boutique.
  5009 | D:6      | Found Ehaex's Antique Weapon Shop.
  5010 | D:6      | Noticed Pikel
  5026 | D:6      | Reached skill level 6 in Maces & Flails
  5055 | D:6      | Gained mutation: Your flesh is cold resistant. (rC+) [potion of mutation]
  5055 | D:6      | Gained mutation: Your system is resistant to poisons. (rPois) [potion of mutation]
  5055 | D:6      | Gained mutation: You passively map a small area around you. [potion of mutation]
  5058 | D:6      | HP: 2/79 [Pikel/whip of flaming (3)]
  5062 | D:6      | Killed Pikel
  5062 | D:6      | Reached skill level 7 in Maces & Flails
  5247 | D:6      | XOM: god gift: wand of acid (?/15) {god gift}
  5253 | D:6      | Found Visiha's General Store.
  5343 | D:6      | XOM: harmless Hex miscast
  5614 | D:7      | XOM: enchant monster (good)
  5620 | D:7      | Reached skill level 5 in Armour
  5636 | D:7      | XOM: harmless Necr miscast
  5666 | D:7      | Reached skill level 8 in Maces & Flails
  6132 | D:8      | XOM: give mutations
  6132 | D:8      | Gained mutation: Scrolls take you a little longer to read. [Xom's mischief]
  6132 | D:8      | Gained mutation: Your magical capacity is low. (-10% MP) [Xom's mischief]
  6132 | D:8      | Gained mutation: Your body sometimes deteriorates upon taking damage. [Xom's mischief]
  6137 | D:8      | XOM: 4-stop teleportation journey
  6191 | D:8      | XOM: mild Summ miscast
  6391 | D:8      | Reached skill level 5 in Stealth
  6447 | D:8      | XOM: blink monster(s)
  6454 | D:8      | Reached skill level 9 in Maces & Flails
  6458 | D:8      | Reached XP level 10. HP: 49/89 MP: 8/8
  6488 | D:8      | XOM: noise
  6501 | D:8      | XOM: fake destruction
  6513 | D:8      | XOM: confusion
  6521 | D:8      | Slain by a polar bear

Skill      XL: |  1  2  3  4  5  6  7  8  9 |
---------------+----------------------------+-----
Long Blades    | 4 5 6 7 |  7.7
Fighting       | 4 5 7 8 |  8.3
Dodging        | 2 3 4 5 |  5.8
Armour         | 3 4 5 |  5.2
Stealth        | 1 2 4 5 |  5.2
Maces & Flails | 1 5 9 |  9.2

Action                   |  1- 3 |  4- 6 |  7- 9 | 10-12 || total
-------------------------+-------+-------+-------+-------++-------
Melee: Falchion          |    69 |   102 |    26 |       ||   197
       Headbutt          |    12 |    19 |    52 |       ||    83
       Dire flail        |       |       |   230 |     9 ||   239
  Use: Scroll            |     6 |       |       |       ||     6
       Potion            |       |       |     6 |     2 ||     8
 Stab: Paralysed         |     1 |     1 |     1 |       ||     3
       Sleeping          |       |     4 |    13 |       ||    17
       Confused          |       |     1 |       |       ||     1
       Petrifying        |       |       |     1 |       ||     1
       Petrified         |       |       |     1 |       ||     1
  Eat: Fruit             |       |     7 |     1 |       ||     8
       Meat ration       |       |     1 |       |       ||     1
       Bread ration      |       |       |     2 |       ||     2
       Royal jelly       |       |       |     1 |       ||     1
Armor: Leather armour    |    27 |    47 |    58 |     3 ||   135
Dodge: Dodged            |    56 |    55 |   156 |     6 ||   273
       Rpst.: Falchion   |    18 |    14 |     8 |       ||    40
